 Dungeon Crawl Stone Soup version 0.28-b1-70-g80dc712255 (webtiles) character file.

Game seed: 3292973996569268390

2 cbfl8 the Sneak (level 1, 0/19 HPs)
             Began as a Minotaur Delver on Feb 4, 2022.
             Slain by a bullfrog zombie (4 damage)
             ... on level 6 of the Dungeon.
             The game lasted 00:07:30 (768 turns).

cbfl8 the Sneak (Minotaur Delver)                    Turns: 768, Time: 00:07:31

Health: 0/19       AC:  3    Str: 16    XL:     1   Next: 25%
Magic:  0/0        EV: 11    Int:  7    God:
Gold:   29         SH:  0    Dex: 11    Spells: 0/0 levels left

rFire   . . .      SeeInvis .   a - +0 hand axe
rCold   . . .      Faith    .   (no shield)
rNeg    . . .      Spirit   .   b - +0 leather armour
rPois   .          Reflect  .   (helmet restricted)
rElec   .          Harm     .   (no cloak)
rCorr   .          Rampage  .   (no gloves)
Will    .....                   (no boots)
Stlth   ++........              (no amulet)
HPRegen 0.06/turn               (no ring)
MPRegen 0.07/turn               (no ring)

@: no status effects
A: horns 2, retaliatory headbutt
a: no special abilities


You were on level 6 of the Dungeon.
You visited 1 branch of the dungeon, and saw 2 of its levels.

You collected 29 gold pieces.

Inventory:

Hand Weapons
 a - a +0 hand axe (weapon)
Armour
 b - a +0 leather armour (worn)
Wands
 g - a wand of digging (3)
Scrolls
 c - a scroll of fog
 d - a scroll of magic mapping
 e - a scroll of fear
 f - a scroll of vulnerability {unknown}


   Skills:
 + Level 3.6 Fighting
 + Level 2.4 Axes
 + Level 2.1 Dodging
 + Level 4.2 Stealth


You couldn't memorise any spells.
You didn't know any spells.
Your spell library contained the following spells:

 Spells                   Type           Power      Damage    Failure   Level
 Sublimation of Blood     Necr           0%         N/A       65%         2
 Petrify                  Tmut/Erth      0%         N/A       99%         4
 Irradiate                Conj/Tmut      0%         3d14      100%        5


Dungeon Overview and Level Annotations

Branches:
Dungeon (6/15)
 Temple: D:4-7

Altars:


Innate Abilities, Weirdness & Mutations

You have a pair of horns on your head.
You reflexively headbutt those who attack you in melee.


Message History

Found a leather armour.
You see here a +0 leather armour.
A water moccasin comes into view.
Found 18 gold pieces.
Found a stone staircase leading up.
You see here a +0 leather armour.
f - a scroll labelled KUIBRY OPTIROI A bullfrog zombie comes into view.
The bullfrog zombie hits you but does no damage.
The bullfrog zombie barely misses you.
You hit the bullfrog zombie.
The bullfrog zombie is lightly damaged.
The bullfrog zombie barely misses you. x2; You furiously retaliate!
You headbutt the bullfrog zombie. You hit the bullfrog zombie.
The bullfrog zombie is heavily damaged.
The bullfrog zombie hits you.
You hit the bullfrog zombie.
The bullfrog zombie is heavily damaged.
The bullfrog zombie hits you. x2
You completely miss the bullfrog zombie.
You headbutt the bullfrog zombie.
The bullfrog zombie is heavily damaged.
The bullfrog zombie hits you.
* * * LOW HITPOINT WARNING * * *
You slash the bullfrog zombie!
The bullfrog zombie is severely damaged.
The bullfrog zombie closely misses you. You furiously retaliate!
You headbutt the bullfrog zombie. The bullfrog zombie barely misses you.
You hit the bullfrog zombie.
The bullfrog zombie is almost destroyed.
The bullfrog zombie hits you.
* * * LOW HITPOINT WARNING * * *
You barely miss the bullfrog zombie.
The bullfrog zombie is almost destroyed.
The bullfrog zombie hits you but does no damage. x2
You hit the bullfrog zombie but do no damage.
Your headbutt misses the bullfrog zombie.
The bullfrog zombie is almost destroyed.
The bullfrog zombie hits you.
You die...

#.#########.##.# #.....#
.# .#..
#####.#####.##.#..
#>..............
#....####....# .
#....#.......#..
#...............
#....#.#.....###
#....#.#@Z..##
##.....#........
###'######...###. #....#
.....# ########....#
.....#. .......#....#
........
######.#....##..........
#.#................
#.#....####.......


You could see a bullfrog zombie.

Vanquished Creatures
  An orc (D:5)
1 creature vanquished.

Notes
Turn   | Place    | Note
-------+----------+-------------------------------------------
     0 | D:5      | cbfl8 the Minotaur Delver began the quest for the Orb.
     0 | D:5      | Reached XP level 1. HP: 19/19 MP: 0/0
    77 | D:5      | Noticed a scorpion
   688 | D:6      | Noticed a water moccasin
   768 | D:6      | Slain by a bullfrog zombie

Illustrated notes

Levels and vault maps discovered:
D:5:      layout_cave_pools, nicolae_sextant, corexii_corridor_pit
D:6:      layout_basic, serial_shops, nicolae_diamond_shop, uniq_pikel,
          uniq_menkaure

Action                   || total
-------------------------++-------
Melee: Hand axe          ||    14
       Headbutt          ||     3
  Use: Potion            ||     1
Armor: Leather armour    ||     6
Dodge: Dodged            ||    13
